 Dungeon Crawl Stone Soup version 0.29-a0-284-gf9362112df (webtiles) character file.

Game seed: 13104453943389483504

724 Orthodox the Ruffian (level 7, -4/66 (72) HPs)
             Began as a Troll Gladiator on Mar 24, 2022.
             Slain by a wight
             ... wielding a +0 mace
              (6 damage)
             ... on level 6 of the Dungeon.
             The game lasted 00:07:01 (2342 turns).

Orthodox the Ruffian (Troll Gladiator)              Turns: 2342, Time: 00:07:02

HP:   -4/66 (72)    AC:  4    Str: 23    XL:     7   Next: 43%
MP:   6/6           EV: 14    Int:  4    God:
Gold: 194           SH:  0    Dex: 13    Spells: 6/6 levels left

rFire   + . .      SeeInvis .     - Unarmed
rCold   + . .      Faith    .   (no shield)
rNeg    . . .      Spirit   .   a - +0 robe
rPois   .          Reflect  .   b - +0 hat
rElec   .          Harm     .   q - scarf {rC+ rF+}
rCorr   .          Rampage  .   (gloves unavailable)
Will    .....                   (boots unavailable)
Stlth   +.........              (no amulet)
HPRegen 1.01/turn               m - +4 ring of evasion
MPRegen 0.10/turn               (no ring)

@: drained
A: large, unfitting armour, claws 3, regeneration 1, shaggy fur 1, tough skin 1
a: no special abilities


You were on level 6 of the Dungeon.
You visited 1 branch of the dungeon, and saw 6 of its levels.

You collected 194 gold pieces.

Inventory:

Missiles
 c - a throwing net (quivered) {!f}
 d - a large rock
Armour
 a - a +0 robe (worn)
 b - a +0 hat (worn)
 q - a scarf of resistance (worn)
Jewellery
 m - a +4 ring of evasion (left claw)
 x - the ring of Caum {rF- rN+ Int+4 Dex+6}
   (You found it on level 4 of the Dungeon)

   [ring of dexterity]

   Int:       It affects your intelligence (+4).
   Dex:       It affects your dexterity (+6).
   rF:        It makes you vulnerable to fire.
   rN:        It protects you from negative energy.
Wands
 v - a wand of flame (2)
Scrolls
 f - a scroll of fog
 g - a scroll of immolation
 h - a scroll of teleportation
 i - a scroll of noise
 j - a scroll of vulnerability {unknown}
 o - a scroll of silence {unknown}
 s - a scroll of blinking {unknown}
 t - a scroll of fear {unknown}
 u - a scroll of amnesia {unknown}
 y - a scroll of magic mapping {unknown}
Potions
 e - 2 potions of lignification {unknown}
 k - a potion of attraction {unknown}
 p - 2 potions of mutation {unknown}
 r - a potion of berserk rage {unknown}
 w - a potion of curing {unknown}


   Skills:
 + Level 5.0 Fighting
 - Level 1.7 Throwing
 - Level 2.4 Dodging
 + Level 6.5 Unarmed Combat


You had 6 spell levels left.
You didn't know any spells.
Your spell library contained the following spells:

 Spells                   Type           Power      Damage    Failure   Level
 Pain                     Necr           0%         1d4       50%         1
 Sandblast                Erth           0%         2d4       50%         1
 Shock                    Conj/Air       0%         1d3       50%         1
 Slow                     Hex            0%         N/A       50%         1
 Ensorcelled Hibernation  Hex/Ice        0%         N/A       65%         2
 Passwall                 Tmut/Erth      0%         N/A       65%         2
 Confusing Touch          Hex            0%         N/A       86%         3
 Spider Form              Tmut/Pois      0%         N/A       86%         3
 Stone Arrow              Conj/Erth      0%         3d7       86%         3
 Swiftness                Air            0%         N/A       86%         3
 Vampiric Draining        Necr           0%         2d6       86%         3
 Airstrike                Air            0%         N/A       99%         4
 Anguish                  Hex/Necr       0%         N/A       99%         4
 Agony                    Necr           0%         N/A       100%        5
 Excruciating Wounds      Necr           0%         N/A       100%        5
 Iskenderun's Battlesphe  Conj           0%         2d6       100%        5
 Iron Shot                Conj/Erth      0%         9d1       100%        6
 Spellforged Servitor     Conj/Summ      0%         N/A       100%        7


Dungeon Overview and Level Annotations

Branches:
Dungeon (6/15)
 Temple: D:4-7

Altars:
Beogh

Shops:
D:3 (   D:4 [

Annotations:
D:3 3 runed translucent doors, Dvallin's ghost, amateur FoHu
D:4 3 runed translucent doors, gzilladon's ghost, amateur SpEn


Innate Abilities, Weirdness & Mutations

You are too large for most types of armour.
You have claws for hands.
Your natural rate of healing is unusually fast.
You are covered in fur. (AC +1)
You have tough skin. (AC +1)


Message History

You barely miss the wight. You closely miss the wight.
You claw the wight, but do no damage. You claw the wight!
The wight is heavily damaged.
You barely miss the wight.
The wight is heavily damaged.
The wight closely misses you. The wight hits you with a +0 mace!
You feel drained. The wight hits you with a +5 spear!
You feel drained.
You take 23 damage, and have 48/68 hp.
MASSIVE DAMAGE!!
You claw the wight!
The wight is almost destroyed.
The wight hits you but does no damage. The wight hits you with a +0 mace!
The wight hits you with a +5 spear.
You feel drained.
You take 15 damage, and have 33/66 hp.
MASSIVE DAMAGE!!
You barely miss the wight. You claw the wight, but do no damage.
The wight is almost destroyed.
The wight hits you from afar with a +2 spear of freezing.
The wight closely misses you. The wight hits you with a +5 spear!
* * * LOW HITPOINT WARNING * * *
You take 15 damage, and have 18/66 hp.
MASSIVE DAMAGE!!
You claw the wight!
You destroy the wight!
The wight hits you with a +0 mace.
* * * LOW HITPOINT WARNING * * *
The wight hits you from afar with a +2 spear of freezing.
* * * LOW HITPOINT WARNING * * *
You feel drained.
* * * LOW HITPOINT WARNING * * *
Your Fighting skill increases to level 5!
You take 6 damage, and have 12/68 hp.
You barely miss the wight.
The wight is heavily damaged.
The wight hits you with a +0 mace!
* * * LOW HITPOINT WARNING * * *
You feel drained.
* * * LOW HITPOINT WARNING * * *
The wight completely misses you.
You take 10 damage, and have 2/66 hp.
The wight attacks as you move away! The wight hits you with a +0 mace.
You die...

#.##.....# #.##.....#
#.##.....######## ###
#.##....>..[........
..##......#######.###
####......#.........#
######......#.#..)....#
....##......#.#...#
....#######.#...@)#
....)........####z#
....#..........[.z#
....#?.....#.######
....#......#..#
....#......##.#
#####[.....# ..
#......# #.# #......#
..


You could see 2 wights.

Vanquished Creatures
  3 water moccasins (D:6)
  3 wights (D:6)
  A jelly (D:4)
  Jessica (D:3)
  Natasha (thrice) (D:3)
  An iguana (D:6)
  3 adders
  2 worms (D:3)
  A dart slug (D:1)
  5 orcs
  A bat (D:3)
  3 endoplasms
  5 giant cockroaches
  6 goblins
  5 hobgoblins
  A quokka (D:2)
  2 ball pythons
  4 frilled lizards
  2 kobolds (D:2)
  4 rats
56 creatures vanquished.

Vanquished Creatures (others)
  5 plants (D:4)
5 creatures vanquished.

Grand Total: 61 creatures vanquished

Notes
Turn   | Place    | Note
-------+----------+-------------------------------------------
     0 | D:1      | Orthodox the Troll Gladiator began the quest for the Orb.
     0 | D:1      | Reached XP level 1. HP: 19/19 MP: 0/0
   136 | D:1      | Reached XP level 2. HP: 28/28 MP: 1/1
   981 | D:2      | Reached XP level 3. HP: 35/35 MP: 2/2
  1271 | D:3      | Noticed Jessica
  1282 | D:3      | Killed Jessica
  1283 | D:3      | Reached skill level 4 in Unarmed Combat
  1283 | D:3      | Reached XP level 4. HP: 33/44 MP: 3/3
  1364 | D:3      | Noticed Natasha
  1375 | D:3      | Killed Natasha
  1414 | D:3      | Found Upienluo's Weapon Emporium.
  1510 | D:3      | Found a faded altar of an unknown god.
  1598 | D:3      | Found a runed translucent gate.
  1599 | D:3      | Found a runed translucent gate.
  1599 | D:3      | Identified the +8 hand axe "Amidafib" {venom, Str-5 Int+4
                  | Dex+4}
  1599 | D:3      | Noticed Dvallin's ghost (amateur FoHu)
  1600 | D:3      | Found a runed translucent gate.
  1646 | D:3      | Noticed Natasha
  1650 | D:3      | Killed Natasha
  1651 | D:3      | Reached XP level 5. HP: 53/53 MP: 4/4
  1809 | D:3      | Noticed Natasha
  1815 | D:3      | Killed Natasha
  1833 | D:4      | Found a runed translucent gate.
  1876 | D:4      | Found Weotry's Antique Armour Shop.
  1983 | D:4      | Identified the ring of Caum {rF- rN+ Int+4 Dex+6}
  2022 | D:4      | Found a runed translucent gate.
  2022 | D:4      | Found a runed translucent gate.
  2024 | D:4      | Noticed gzilladon's ghost (amateur SpEn)
  2037 | D:4      | You fall into a shaft and drop 2 floors!
  2093 | D:6      | Reached skill level 5 in Unarmed Combat
  2109 | D:6      | Noticed a water moccasin
  2122 | D:6      | Killed a water moccasin
  2123 | D:6      | Reached XP level 6. HP: 56/62 MP: 5/5
  2164 | D:6      | Noticed a water moccasin
  2175 | D:6      | Killed a water moccasin
  2176 | D:6      | Reached skill level 6 in Unarmed Combat
  2298 | D:5      | Entered Level 5 of the Dungeon
  2298 | D:5      | Noticed a water moccasin
  2306 | D:6      | Killed a water moccasin
  2307 | D:6      | Reached XP level 7. HP: 68/71 MP: 6/6
  2341 | D:6      | Reached skill level 5 in Fighting
  2341 | D:6      | HP: 3/68 [wight/+0 mace (10)]
  2342 | D:6      | Slain by a wight

Illustrated notes

Levels and vault maps discovered:
D:1:      lightli_arrival_noodles, layout_loops_ring,
          hangedman_decor_clover_reticule
D:2:      layout_loops_ring, minmay_indecisive_spiral
D:3:      layout_rooms, biasface_ghost_orc_armoury, serial_shops, shop,
          hellmonk_ecumenical_altar_pennies_from_heaven, uniq_jessica,
          uniq_natasha
D:4:      layout_basic, mainiacjoe_overflow_catwalk,
          gammafunk_temple_overflow_claw, ebering_ghost_rock_garden,
          serial_shops, kennysheep_mini, amcnicky_mini_corridor_feature,
          chequers_serial_rivers_small_a, serial_bayou_ford_a
D:5:      layout_rooms, fedhas_altar_2, nicolae_qazlal_style_of_elements,
          minmay_temple_entry_poolview, minmay_diced_spiral
D:6:      layout_basic, nemelex_diamond_rough_becter

Skill      XL: |  1  2  3  4  5  6  7 |
---------------+----------------------+-----
Fighting       | 2 3 4 5 |  5.0
Unarmed Combat | 4 5 6 |  6.5
Throwing       | |  1.7
Dodging        | |  2.4

Action                   |  1- 3 |  4- 6 |  7- 9 || total
-------------------------+-------+-------+-------++-------
Melee: Unarmed           |    64 |    77 |    11 ||   152
       Punch             |     1 |       |     2 ||     3
Throw: Throwing net      |       |     2 |       ||     2
  Use: Scroll            |       |     5 |       ||     5
 Stab: Sleeping          |     1 |     1 |       ||     2
Armor: Robe              |    12 |     5 |     1 ||    18
Dodge: Dodged            |    31 |    47 |     4 ||    82

Table legend: (Time is in decaauts)
 A = Elapsed time spent in this place.
 B = Non-inter-level travel time spent in this place.
 C = Inter-level travel time spent in this place.
 D = Time resting spent in this place.
 E = Time spent auto-exploring this place.
 F = Levels seen in this place.
 G = Mean time per level.
                   A        B        C        D        E       F      G
               +--------+--------+--------+--------+--------+-----+--------+
         Total |   2339 |   2277 |     62 |    101 |   1711 |   6 |  389.8 |
       Dungeon |   2339 |   2277 |     62 |    101 |   1711 |   6 |  389.8 |
               +--------+--------+--------+--------+--------+-----+--------+

Top non-repeatable levels by time:
     D:1: 633 daAuts
     D:2: 617 daAuts
     D:3: 579 daAuts
     D:6: 299 daAuts
     D:4: 208 daAuts
     D:5: 1 daAuts
